 Dungeon Crawl Stone Soup version 0.30-a0-879-ga8ba668304 (webtiles) character file.

Game seed: 11997788453217867353

394741 demibob the Slayer (level 23, -3/226 (234) HPs)
             Began as a Hill Orc Wanderer on Mar 11, 2023.
             Was the Champion of Beogh.
             Killed from afar by a deep elf high priest (27 damage)
             ... with damnation
             ... on level 5 of the Vaults on Mar 12, 2023.
             The game lasted 02:05:10 (59721 turns).

demibob the Slayer (Hill Orc Wanderer)             Turns: 59721, Time: 02:05:10

HP:   -3/226 (234)  AC: 42    Str: 24    XL:     23   Next: 17%
MP:   0/10          EV: 17    Int: 15    God:    Beogh [******]
Gold: 2428          SH:  8    Dex: 16    Spells: 23/24 levels left

rFire   + + .      SeeInvis .    b - +7 executioner's axe (antimagic)
rCold   + . .      Faith    .    (shield currently unavailable)
rNeg    . . .      Spirit   +    U - +5 gold dragon scales
rPois   +          Reflect  .    r - +2 helmet {Int+3}
rElec   .          Rampage  .    g - +1 cloak {rCorr}
rCorr   +                        Y - +0 pair of gloves of the Snake Pit {rF+ Dex+4}
Will    ++...                    N - +1 pair of boots Stlth
                                 A - brooch of Shielding {Spirit SH+8}
HPRegen 0.57/turn                e - +5 ring of evasion
MPRegen 0.12/turn                W - ring of willpower

@: lightly drained, invisible
A: walk on water, claws 1
}: 2/15 runes: serpentine, barnacled
a: Renounce Religion, Smiting, Recall Orcish Followers, Give Item to Named
Follower, Resurrection


You were on level 5 of the Vaults.
You worshipped Beogh.
Beogh was exalted by your worship.
You visited 8 branches of the dungeon, and saw 39 of its levels.
You visited the Abyss 2 times.
You also visited: Trove, Sewer and Ice Cave.

You collected 5501 gold pieces.
You spent 3073 gold pieces at shops.


Innate Abilities, Weirdness & Mutations

You can walk on water.
You have sharp fingernails.


   Skills:
 + Level 25.2 Fighting
 - Level 23.6(24.0) Axes
 - Level 6.3(14.6) Maces & Flails
 + Level 24.0 Armour
 + Level 12.3 Dodging
 - Level 1.0 Spellcasting
 - Level 3.2 Fire Magic
 - Level 13.0 Invocations
 - Level 9.6 Evocations


You had 23 spell levels left.
You knew the following spells:

 Your Spells              Type           Power      Damage    Failure   Level
f - Foxfire               Conj/Fire      20%        2x1d5     80%         1

Your spell library contained the following spells:

 Spells                   Type           Power      Damage    Failure   Level
 Scorch                   Fire           20%        2d6       71%         2
 Kiss of Death            Conj/Necr      0%         2d5       95%         1
 Magic Dart               Conj           0%         1d3       95%         1
 Necrotise                Necr           0%         1d4       95%         1
 Shock                    Conj/Air       0%         1d3       95%         1
 Blink                    Tloc           0%         N/A       98%         2
 Poisonous Vapours        Pois/Air       0%         N/A       98%         2
 Searing Ray              Conj           0%         2d4       98%         2
 Static Discharge         Conj/Air       0%         2-2/arc   98%         2
 Sublimation of Blood     Necr           0%         N/A       98%         2
 Ignite Poison            Fire/Tmut/Pois 4%         N/A       99%         3
 Kindle Blastsparks       Fire/Tloc/Air  8%         2d10      99%         3
 Confusing Touch          Hex            0%         N/A       100%        3
 Hailstorm                Conj/Ice       0%         3d3       100%        3
 Ozocubu's Armour         Ice            0%         N/A       100%        3
 Portal Projectile        Hex/Tloc       0%         N/A       100%        3
 Stone Arrow              Conj/Erth      0%         3d7       100%        3
 Animate Dead             Necr           0%         N/A       100%        4
 Dispel Undead            Necr           0%         3d6       100%        4
 Flame Wave               Conj/Fire      5%         2d5       100%        4
 Fulminant Prism          Conj/Hex       0%         3d5       100%        4
 Ice Form                 Ice/Tmut       0%         N/A       100%        4
 Iskenderun's Mystic Bla  Conj/Tloc      0%         2d3       100%        4
 Manifold Assault         Tloc           0%         N/A       100%        4
 Petrify                  Tmut/Erth      0%         N/A       100%        4
 Sticky Flame             Conj/Fire      5%         2d3       100%        4
 Summon Lightning Spire   Summ/Air       0%         N/A       100%        4
 Alistair's Intoxication  Tmut/Pois      0%         N/A       100%        5
 Borgnjor's Vile Clutch   Necr/Erth      0%         N/A       100%        5
 Fireball                 Conj/Fire      2%         3d4       100%        5
 Irradiate                Conj/Tmut      0%         3d11      100%        5
 Iskenderun's Battlesphe  Conj           0%         2d6       100%        5
 Lee's Rapid Deconstruct  Erth           0%         3d4*      100%        5
 Summon Forest            Summ/Tloc      0%         N/A       100%        5
 Conjure Ball Lightning   Conj/Air       0%         3x3d6     100%        6
 Death Channel            Necr           0%         N/A       100%        6
 Eringya's Noxious Bog    Tmut/Pois      0%         N/A       100%        6
 Simulacrum               Ice/Necr       0%         N/A       100%        6
 Starburst                Conj/Fire      2%         6d3       100%        6
 Summon Cactus Giant      Summ           0%         N/A       100%        6
 Malign Gateway           Summ/Tloc      0%         N/A       100%        7
 Orb of Destruction       Conj           0%         9d5       100%        7
 Ozocubu's Refrigeration  Ice            0%         4d7       100%        7
 Storm Form               Tmut/Air       0%         N/A       100%        7
 Summon Hydra             Summ           0%         N/A       100%        7
 Borgnjor's Revivificati  Necr           0%         N/A       100%        8
 Discord                  Hex            0%         N/A       100%        8
 Disjunction              Tloc           0%         N/A       100%        8
 Lehudib's Crystal Spear  Conj/Erth      0%         10d2      100%        8
 Maxwell's Capacitive Co  Air            0%         ∞         100%        8
 Summon Horrible Things   Summ           0%         N/A       100%        8

Inventory:

Hand Weapons
 a - a +1 vampiric battleaxe
 b - a +7 antimagic executioner's axe (weapon)
 z - a +4 glaive of venom
 D - a +5 glaive of venom
 F - the +12 battleaxe of the Endless March {elec, Dex+3}
   (You acquired it on level 3 of the Vaults)

   Dex:       It affects your dexterity (+3).
Missiles
 V - 2 throwing nets {=f}
Armour
 g - a +1 cloak of preservation (worn)
 r - a +2 helmet of intelligence (worn)
 N - a +1 pair of boots (worn)
 U - +5 gold dragon scales (worn)
 Y - the +0 pair of gloves of the Snake Pit (worn) {rF+ Dex+4}
   (You found it on level 4 of the Dungeon)

   Dex:       It affects your dexterity (+4).
   rF:        It protects you from fire.
Jewellery
 c - an amulet of guardian spirit
 e - a +5 ring of evasion (left hand)
 k - an amulet of reflection
 n - a ring of positive energy
 v - a ring of see invisible
 w - the ring of Huwoec {*Corrode +Blink rPois rF++ Dex+3}
   (You found it on level 3 of the Snake Pit)

   [ring of poison resistance]

   Dex:       It affects your dexterity (+3).
   rF:        It greatly protects you from fire.
   rPois:     It protects you from poison.
   +Blink:    It lets you blink.
   *Corrode:  It may corrode you when you take damage.
 x - the amulet of the Four Winds {rN+ Will+++ Clar}
   (You took it off a deep elf sorcerer on level 3 of the Elven Halls)

   [amulet of nothing]

   rN:        It protects you from negative energy.
   Clar:      It protects you against confusion.
   Will:      It greatly increases your willpower.
 y - a +4 ring of slaying
 A - the brooch of Shielding (around neck) {Spirit SH+8}
   (You found it on level 11 of the Dungeon)

   [amulet of guardian spirit]

   It causes incoming damage to be divided between your reserves of health and
   magic.
   SH:        It affects your SH (+8).
 C - a ring of protection from cold
 L - a ring of flight
 W - a ring of willpower (right hand)
Wands
 d - a wand of roots (25)
 m - a wand of polymorph (5)
 B - a wand of charming (6)
 J - a wand of mindburst (51)
 Q - a wand of acid (12)
 T - a wand of flame (3)
 Z - a wand of digging (4)
Scrolls
 l - a scroll of fog
 p - 6 scrolls of magic mapping
 O - 11 scrolls of identify {@r1}
 P - 7 scrolls of teleportation {@r2}
 R - 2 scrolls of amnesia
 X - a scroll of brand weapon
Potions
 i - 6 potions of flight
 j - 5 potions of ambrosia
 o - 9 potions of brilliance
 q - 2 potions of might
 s - 6 potions of mutation
 G - 7 potions of haste {@q3}
 I - 5 potions of magic
 M - 2 potions of invisibility
Miscellaneous
 t - a condenser vane (inert)
 u - a piece from Xom's chessboard (15/15)
 E - a phantom mirror

Dungeon Overview and Level Annotations

Branches:
Dungeon (15/15)            Temple (1/1) D:7            Lair (5/5) D:10
 Shoals (4/4) Lair:3        Snake (4/4) Lair:3        Slime (0/5) Lair:4
    Orc (2/2) D:10            Elf (3/3) Orc:2        Vaults (5/5) D:13
  Crypt (0/3) Vaults:2     Depths (0/4) D:15          Sewer (visited)
  IceCv (visited)

Altars:
Ashenzari
Cheibriados
Dithmenos
Elyvilon
Fedhas
Gozag
Hepliaklqana
Kikubaaqudgha
Makhleb
Nemelex Xobeh
Okawaru
Qazlal
Ru
Sif Muna
Trog
Uskayaw
Vehumet
Wu Jian
Xom
Yredelemnul
Zin
The Shining One
Lugonu

Shops:
D:8 *   D:14 (   Orc:2 *([*!:   Elf:1 [   Elf:2 :!:*[   Shoals:1 (   Shoals:2 =
Shoals:4 (=   Snake:2 ::=[   Snake:4 **[=   Vaults:1 =   Vaults:2 (**:(

Annotations:
D:5 3 runed translucent doors, hikkokomori's ghost, novice DrBr
D:7 1 runed translucent door, Crazy Yiuf
D:8 2 runed translucent doors
D:12 2 runed translucent doors
Lair:1 2 transporters, Pimp's ghost, journeyman DjFE
Lair:3 exclusion: oklob plant
Lair:4 exclusion: oklob plant
Orc:1 1 runed translucent door, Qistryurr's ghost, journeyman MiFi
Elf:1 6 runed translucent doors
Elf:3 1 runed translucent door

▓.^...▓....▓ ▓ ▓D.e...
▓.....▓....▓..▓▓▓▓▓e...
.....▓.l..▓..e. ....
.......[..e.... ....
▓▓▓▓▓▓▓........▓▓▓ ▓▓▓▓
.......ccc<<).....
.........<..<.....
..........<<......
........@.........
▓▓▓▓▓▓▓▓▓▓▓▓▓▓▓).......▓▓▓
.......†..................
.......)........▓....▓....
▓▓...▓▓▓▓▓▓▓▓▓..▓....▓..▓▓
.▓...▓....|./▓..▓....▓ .▓
.▓...▓.......▓..▓....▓
.▓...▓.......▓..▓....▓
.▓▓▓▓▓.......▓..▓....▓


You could see a yaktaur captain (unable to see you), a deep elf high priest
(unable to see you, very poisoned), 2 yaktaurs and a basilisk shaped shifter
(unable to see you).


Message History

You feel better.
Your surroundings suddenly seem different.
A yaktaur captain and a yaktaur come into view.
The yaktaur is wielding a staff of earth.
The yaktaur captain shouts!
The yaktaur shouts!
You hear a shout!
The yaktaur wields a +0 arbalest.
The yaktaur shoots a bolt.
The bolt hits you but does no damage.
A yaktaur comes into view.
A sky beast comes into view.
The sky beast changes into a basilisk!
The yaktaur captain wields a +1 arbalest of flaming.
It bursts into flame!
The yaktaur captain shoots a bolt.
The bolt hits you!
* * * LOW HITPOINT WARNING * * *
Okay, then.
Okay, then.
Enter note: hrm
Okay, then.
You fade into invisibility!
The deep elf high priest shouts!
The yaktaur wields a +0 arbalest.
The yaktaur shoots a bolt.
You block the bolt.
The yaktaur shoots a bolt.
The bolt hits you but does no damage.
The yaktaur captain shoots a bolt.
You block the bolt.
The deep elf high priest shouts!
The yaktaur shoots a bolt.
The bolt closely misses you.
The yaktaur shoots a bolt.
You block the bolt.
The yaktaur captain shoots a bolt.
The deep elf high priest invokes the aid of its god against something.
The sphere of damnation explodes!
The damnation engulfs you!!
You die...

Skill      XL: |  1  2  3  4  5  6  7  8  9 10 11 12 13 14 15 16 17 18 19 20 21 22 23 |
---------------+----------------------------------------------------------------------+-----
Maces & Flails | 1 2 3 4 5 6 |  6.3
Armour         | 1 2 3 4 5 7 9 10 11 13 15 16 18 19 21 22 23 24 | 24.0
Axes           | 2 5 9 12 14 17 19 22 23 | 23.6
Fighting       | 5 7 9 11 13 15 17 19 20 21 23 24 25 | 25.2
Invocations    | 6 9 11 13 | 13.0
Dodging        | 3 5 8 10 12 | 12.3
Evocations     | 4 8 9 |  9.6
Spellcasting   | |  1.0
Fire Magic     | |  3.2

Action                     |  1- 3 |  4- 6 |  7- 9 | 10-12 | 13-15 | 16-18 | 19-21 | 22-24 || total
---------------------------+-------+-------+-------+-------+-------+-------+-------+-------++-------
  Melee: Club              |    78 |       |       |       |       |       |       |       ||    78
         Mace              |    60 |   290 |   121 |       |       |       |       |       ||   471
         Punch             |       |     2 |     5 |    13 |       |       |       |       ||    20
         War axe           |       |       |   240 |   608 |       |       |       |       ||   848
         Battleaxe         |       |       |       |    12 |   630 |   810 |  1352 |   268 ||  3072
         Executioner's axe |       |       |       |       |       |       |       |   162 ||   162
 Invoke: Convert to Beogh  |       |       |       |     1 |       |       |       |       ||     1
         Smiting           |       |       |       |       |     5 |     6 |     1 |       ||    12
         Recall Orcish Fol |       |       |       |       |     5 |     7 |     1 |     2 ||    15
         Give Item to Name |       |       |       |       |       |       |       |     2 ||     2
  Evoke: Phantom mirror    |       |     1 |     2 |       |     2 |     1 |       |       ||     6
         Wand              |       |       |    23 |     8 |     4 |     5 |       |       ||    40
         Condenser vane    |       |       |       |       |       |     3 |     6 |     3 ||    12
    Use: Scroll            |     5 |     4 |     7 |    16 |     6 |    19 |     6 |    16 ||    79
         Potion            |       |     3 |     5 |     9 |     8 |    10 |     5 |     8 ||    48
   Stab: Distracted        |       |       |       |     1 |     7 |     4 |     8 |     1 ||    21
         Betrayed ally     |       |       |       |     1 |       |       |       |       ||     1
         Confused          |       |       |       |       |     2 |       |     3 |       ||     5
         Paralysed         |       |       |       |       |       |       |     1 |       ||     1
 Armour: Robe              |    37 |       |       |       |       |       |       |       ||    37
         Ring mail         |     8 |   149 |   151 |   271 |   216 |       |       |       ||   795
         Plate armour      |       |       |       |       |   196 |     8 |       |       ||   204
         Gold dragon scale |       |       |       |       |       |   536 |   654 |   255 ||  1445
  Dodge: Dodged            |    82 |   194 |   173 |   252 |   249 |   293 |   561 |   161 ||  1965
  Block: Other             |       |       |       |       |     8 |   299 |   434 |   123 ||   864

Levels and vault maps discovered:
D:1:      lightli_arrival_windingriver, layout_basic,
          dreamdust_ecumenical_altar_drowned_temple, moated_statue
D:2:      minmay_skewed_foursquare, layout_loops_ring, minivault_11
D:3:      layout_loops_ring, nicolae_sif_muna_little_library,
          portal_sewer_entry_a, nrook_mini_vaults
D:4:      layout_rooms, grunt_dithmenos_smoke_and_mirrors, minitemple,
          nicolae_ru_sacrificial_ziggurat, grunt_qazlal_sundering,
          mainiacjoe_overflow_large_starburst, corexii_shack
D:5:      layout_basic, nicolae_yredelemnul_ghost_church,
          kennysheep_generic_room_13
D:6:      layout_basic, nicolae_hepliaklqana_monster_ancestors, uniq_maggie,
          uniq_blork_the_orc
D:7:      layout_rooms, nicolae_overflow_hidden_temple,
          minmay_temple_entry_tees, nicolae_elevator_lobby_asterisk, uniq_pikel,
          uniq_crazy_yiuf_cottage
D:8:      cheibrodos_histonic, layout_loops_cross, serial_bayou_pond_a,
          minmay_shop_damaged
D:9:      minmay_octagon_keep, layout_layer_cave, nicolae_gozag_seed_capital,
          special_room [special_room_bee]
D:10:     layout_roguey, dpeg_oklobed_lair, orc_0_dummy, grunt_ministairs_4
D:11:     layout_rooms, worms_lemuel
D:12:     lemuel_insect_pit, layout_irregular_city, nicolae_tso_carved_into_rock
D:13:     layout_grid_maze, skrybe_vaults_entry_preservation,
          gammafunk_ghost_nasty_kobolds, uniq_urug
D:14:     layout_loops_ring, okawaru_metal_pillars_3, serial_shops,
          kennysheep_mini
D:15:     gammafunk_depths_entry_grave, layout_cave_pods,
          nicolae_trove_entry_path_of_doom, nemelex_xobeh_ov_fountains_minmay
Temple:   zaba_magenta_temple
Lair:1:   layout_cave_pods, gammafunk_ghost_wrathful_warriors,
          grunt_megastairs_4, uniq_fannar, uniq_gastronok
Lair:2:   layout_regular_city, grunt_megastairs_1
Lair:3:   layout_regular_city, minmay_shoals_entry_lonely_mermaid,
          dummy_snake_entry, st_stairs_11, serial_bayou_lagoon_a,
          minmay_lair_oklob_bushes, serial_bayou_shore_a
Lair:4:   beast_lair_carwin_large_3, layout_hall_layers, slime_entry_1,
          tgw_fedhas, infiniplex_staircase_pool
Lair:5:   minmay_lair_end_enchanted_forest, layout_regular_city,
          grunt_megastairs_5
Shoals:1: layout_shoals, serial_shops, shop
Shoals:2: layout_shoals, minmay_shop_enchanted_jewellery
Shoals:3: layout_shoals, yaktaur_hedge
Shoals:4: shoals_end_simple, layout_shoals, serial_shops, nicolae_diamond_shop,
          nicolae_square_shop
Snake:1:  layout_gridlike
Snake:2:  layout_layer_cave, serial_shops, nicolae_shop_advertising_works
          [nicolae_subvault_shop_adworks], portal_ice_cave_entry_pillars_2,
          minmay_shop_grove, uniq_louise
Snake:3:  gammafunk_its_a_trap, layout_onion, grunt_megastairs_2,
          uniq_saint_roka, uniq_vashnia, uniq_mara, uniq_kirke
Snake:4:  snake_pit, layout_cave_town, serial_shops, shop, nicolae_shop_crystal,
          shop, nicolae_shop_overgrown_old_shop
Orc:1:    layout_caves, ebering_ghost_xom
Orc:2:    st_orc_rangers, layout_caves, serial_shops,
          nicolae_shop_bloodbath_and_beyond, nicolae_shop_clearance
Elf:1:    eino_elf_arrival_altar, layout_onion_city, serial_shops, shop,
          orc_legates
Elf:2:    elven_hall_of_blades_hangedman_original
          [nicolae_blade_entry_crossed_weapons], layout_loops_corners,
          serial_shops, shop, nicolae_shop_trees, nicolae_lakefront_shop, shop,
          shop
Elf:3:    minmay_elf_hall_four_x, layout_geoelf_castle, minivault_24,
          minmay_misc_feat_pillars, nicolae_elf_big_sculpture_2,
          nicolae_danse_macabre
Vaults:1: vaults_dpeg_hooks, v_misc_10, v_misc_27,
          nicolae_vaults_network_quincunx
          [nicolae_vaults_network_quincunx_subvault,
          nicolae_vaults_network_quincunx_subvault,
          nicolae_vaults_network_quincunx_subvault,
          nicolae_vaults_network_quincunx_subvault,
          nicolae_vaults_network_quincunx_subvault], grunt_vaults_hallway_long,
          v_misc_2, vaults_dpeg_ring, nicolae_vaults_asterisk, v_rooms_2,
          ontoclasm_vaults_loading_screen, layout_vaults_omnigrid, serial_shops,
          shop_statue
Vaults:2: hangedman_vaults_pinch, minmay_crypt_entry_necro_gods,
          vaults_dpeg_cross, vaults_standard_mumra_lines, grunt_vaults_funnel,
          nicolae_vaults_alarming, vaults_dpeg_encased_lava,
          vaults_room_corners, v_alt_pattern_1, vaults_room_pools,
          ontoclasm_vaults_pinch, v_misc_15, layout_vaults_big_cross,
          serial_shops, nicolae_square_shop, shop_statue,
          nicolae_shop_hallway_plus, shop, shop_fountains, uniq_sojobo
Vaults:3: nicolae_vaults_stairing_the_circle, hangedman_vaults_slice,
          nicolae_vaults_windows_and_doors_thing,
          nicolae_vaults_little_squares_6, v_misc_18, ontoclasm_vaults_spin,
          vaults_room_stairs_pillars, vaults_standard_mumra_enter_the_diamond,
          grunt_vaults_focal, layout_vaults_big_room
Vaults:4: vaults_room_door_hall, v_misc_32, vaults_mumra_hexcomb,
          nicolae_vaults_diagonal_hallway_8, vaults_mumra_minichess_inversion,
          hangedman_vaults_hat, nicolae_vaults_big_angled_halls, v_pattern_5,
          ontoclasm_vaults_ring_square, layout_vaults_omnibox
Vaults:5: serial_shops, uniq_bai_suzhen

Notes
Turn   | Place    | Note
-------+----------+-------------------------------------------
     0 | D:1      | demibob the Hill Orc Wanderer began the quest for the Orb.
     0 | D:1      | demibob set off with the following items: a +0 club, a
                  | scroll of teleportation {@r2}, a scroll of blinking, a +0
                  | robe, a phantom mirror; and the following spell memorised:
                  | Foxfire; and the following spells available to memorise:
                  | Ignite Poison.
     0 | D:1      | Reached XP level 1. HP: 19/19 MP: 2/2
    70 | D:1      | Reached skill level 1 in Maces & Flails
   138 | D:1      | Reached XP level 2. HP: 26/26 MP: 3/3
   155 | D:1      | Reached skill level 2 in Maces & Flails
   552 | D:1      | Found a faded altar of an unknown god.
   594 | D:1      | Reached XP level 3. HP: 24/31 MP: 4/4
   978 | D:2      | Reached skill level 3 in Maces & Flails
  1250 | D:2      | Reached XP level 4. HP: 39/39 MP: 5/5
  1281 | D:2      | Reached skill level 4 in Maces & Flails
  1393 | D:2      | Reached skill level 1 in Armour
  1458 | D:2      | Reached XP level 5. HP: 36/45 MP: 6/6
  1827 | D:3      | Identified the +1 short sword of a ziggurat {elec, rPois
                  | Dex+3 SInv}
  1857 | D:3      | Found a glowing drain.
  1907 | Sewer    | Entered a sewer
  1938 | Sewer    | Noticed a kobold brigand
  1966 | Sewer    | Killed a kobold brigand
  1967 | Sewer    | Reached skill level 5 in Maces & Flails
  1967 | Sewer    | Reached skill level 2 in Armour
  2075 | Sewer    | Reached XP level 6. HP: 25/51 MP: 7/7
  2430 | Sewer    | Reached skill level 6 in Maces & Flails
  2430 | Sewer    | Reached skill level 3 in Armour
  3271 | D:3      | Found a shimmering blue altar of Sif Muna.
  3497 | D:4      | Found a stormy altar of Qazlal.
  3506 | D:4      | Found a shimmering altar of Xom.
  3514 | D:4      | Found a bloodstained altar of Trog.
  3685 | D:4      | Reached skill level 2 in Axes
  3685 | D:4      | Reached XP level 7. HP: 26/57 MP: 8/8
  3823 | D:4      | Identified the +0 pair of gloves of the Snake Pit {rF+
                  | Dex+4}
  3912 | D:4      | Found a sacrificial altar of Ru.
  4085 | D:4      | Reached skill level 3 in Axes
  4085 | D:4      | Reached skill level 4 in Armour
  4142 | D:4      | Found an ancient bone altar of Kikubaaqudgha.
  4145 | D:4      | Found a snail-covered altar of Cheibriados.
  4225 | D:4      | Found a shadowy altar of Dithmenos.
  4446 | D:5      | Entered Level 5 of the Dungeon
  4669 | D:5      | Reached skill level 4 in Axes
  4809 | D:5      | Reached skill level 5 in Axes
  4843 | D:5      | Reached XP level 8. HP: 64/64 MP: 9/9
  4854 | D:5      | Reached skill level 6 in Axes
  4927 | D:5      | Reached skill level 7 in Axes
  4987 | D:5      | Found a runed translucent gate.
  4987 | D:5      | Found a runed translucent gate.
  4987 | D:5      | Found a runed translucent gate.
  4987 | D:5      | Noticed hikkokomori's ghost (novice DrBr)
  4990 | D:5      | Found a basalt altar of Yredelemnul.
  5370 | D:6      | Noticed Maggie
  5383 | D:6      | Reached skill level 8 in Axes
  5718 | D:5      | Gained mutation: You have sharp fingernails. [potion of
                  | mutation]
  5737 | D:6      | Killed Maggie
  5738 | D:6      | Reached skill level 9 in Axes
  5738 | D:6      | Reached skill level 5 in Armour
  6046 | D:6      | Reached XP level 9. HP: 62/70 MP: 10/10
  6089 | D:6      | Reached skill level 10 in Axes
  6108 | D:6      | Reached skill level 6 in Armour
  6451 | D:6      | Reached skill level 11 in Axes
  6848 | D:6      | Noticed Blork the orc
  6863 | D:6      | Killed Blork the orc
  6951 | D:6      | Found a hazy altar of Hepliaklqana.
  7273 | D:7      | Noticed Pikel
  7288 | D:7      | Killed Pikel
  7289 | D:7      | Reached skill level 4 in Fighting
  7289 | D:7      | Reached skill level 12 in Axes
  7289 | D:7      | Reached skill level 7 in Armour
  7294 | D:7      | Found a staircase to the Ecumenical Temple.
  7315 | Temple   | Entered the Ecumenical Temple
  7734 | D:7      | Reached skill level 5 in Fighting
  7734 | D:7      | Reached XP level 10. HP: 75/81 MP: 11/11
  7764 | D:7      | HP: 7/81 [wyvern (5)]
  8047 | D:7      | Reached skill level 13 in Axes
  8167 | D:7      | Found a blossoming altar of Fedhas.
  8222 | D:7      | Found a runed translucent door.
  8223 | D:7      | Noticed Crazy Yiuf
  8565 | D:8      | Identified the +4 ring mail "Fetro" {rC+ Str+3}
  8656 | D:8      | Found a runed translucent door.
  8812 | D:8      | Became a worshipper of Beogh the Brigand
  8820 | D:8      | Found a runed translucent door.
  8834 | D:8      | Reached skill level 8 in Armour
  9016 | D:8      | Noticed a brown ugly thing
  9198 | D:9      | Noticed a two-headed ogre
  9238 | D:9      | Killed a two-headed ogre
  9239 | D:9      | Reached skill level 6 in Fighting
  9408 | D:9      | Reached skill level 14 in Axes
  9429 | D:10     | Entered Level 10 of the Dungeon
  9457 | D:10     | Noticed an oklob plant
  9479 | D:10     | Found a staircase to the Orcish Mines.
  9952 | D:9      | Reached skill level 7 in Fighting
  9991 | D:9      | Reached * piety under Beogh
 10092 | D:9      | Noticed a two-headed ogre
 10113 | D:9      | Killed a two-headed ogre
 10114 | D:9      | Reached skill level 9 in Armour
 10114 | D:9      | Reached XP level 11. HP: 92/92 MP: 12/12
 10201 | D:9      | Reached skill level 15 in Axes
 10279 | D:9      | Found an opulent altar of Gozag.
 11146 | D:9      | Reached ** piety under Beogh
 11149 | D:9      | Reached skill level 8 in Fighting
 11436 | D:10     | Reached skill level 16 in Axes
 11674 | D:10     | Noticed a two-headed ogre
 11698 | D:10     | Killed a two-headed ogre
 11699 | D:10     | Reached skill level 10 in Armour
 11768 | D:10     | Reached *** piety under Beogh
 11813 | D:10     | Found a staircase to the Lair.
 11979 | Orc:1    | Entered Level 1 of the Orcish Mines
 11979 | Orc:1    | Noticed an orc warlord
 11979 | Orc:1    | Noticed an orc sorcerer
 11979 | Orc:1    | Noticed an orc sorcerer
 11979 | Orc:1    | Noticed an orc sorcerer
 12014 | D:10     | Killed an oklob plant
 12128 | Lair:1   | Entered Level 1 of the Lair of Beasts
 12165 | Lair:1   | Reached skill level 9 in Fighting
 12240 | Lair:1   | Noticed a boulder beetle
 12492 | Lair:1   | Reached skill level 17 in Axes
 12498 | Lair:1   | Reached XP level 12. HP: 86/105 MP: 13/13
 12812 | Lair:1   | Identified the +1 rapier of the Charming Gods {pain, +Blink
                  | rElec rPois Dex+3}
 12816 | Lair:1   | Found a transporter.
 13106 | Lair:2   | Reached skill level 10 in Fighting
 13106 | Lair:2   | Reached **** piety under Beogh
 13346 | Lair:2   | Reached skill level 11 in Armour
 13348 | Lair:2   | Reached skill level 18 in Axes
 13351 | Lair:2   | Noticed a seven-headed hydra
 14198 | D:11     | Found the brooch of Shielding {Spirit SH+8}
 14203 | D:11     | Got Teodahi's Atlas of Weathered Pyromancy
 14882 | D:12     | Found a glowing golden altar of the Shining One.
 15445 | D:12     | Found a runed translucent door.
 15447 | D:12     | Found a runed translucent door.
 16034 | Lair:1   | Noticed Fannar
 16058 | Lair:1   | Killed Fannar
 16110 | Lair:1   | Reached skill level 11 in Fighting
 16126 | Lair:1   | Noticed Pimp's ghost (journeyman DjFE)
 16131 | Lair:1   | Found a transporter.
 16133 | Lair:1   | Killed a boulder beetle
 16134 | Lair:1   | Reached skill level 19 in Axes
 16137 | Lair:1   | Found a bloodstained altar of Trog.
 16247 | Lair:1   | Reached XP level 13. HP: 91/116 MP: 14/14
 16457 | Lair:1   | Noticed Gastronok
 16468 | Lair:1   | Killed Gastronok
 16763 | Lair:2   | Reached skill level 12 in Armour
 17267 | Lair:3   | Reached ***** piety under Beogh
 17475 | Lair:3   | Reached skill level 12 in Fighting
 17493 | Lair:3   | Reached skill level 1 in Invocations
 17600 | Lair:3   | Found a staircase to the Snake Pit.
 17759 | Lair:3   | Reached skill level 2 in Invocations
 17769 | Lair:3   | Found a staircase to the Shoals.
 17922 | Lair:3   | Reached skill level 3 in Invocations
 18096 | Lair:4   | Reached skill level 4 in Invocations
 18099 | Lair:4   | Reached skill level 13 in Armour
 18326 | Lair:4   | Found a blossoming altar of Fedhas.
 18507 | Lair:4   | Reached skill level 5 in Invocations
 18592 | Lair:4   | Reached skill level 13 in Fighting
 18770 | Lair:4   | Reached skill level 6 in Invocations
 18988 | Lair:4   | Reached XP level 14. HP: 122/129 MP: 18/18
 19091 | Lair:4   | Found a staircase to the Slime Pits.
 19515 | Lair:5   | Entered Level 5 of the Lair of Beasts
 19543 | Lair:5   | Reached skill level 7 in Invocations
 19932 | D:10     | Identified 2 potions of resistance
 20133 | D:12     | Reached skill level 14 in Armour
 20555 | D:13     | Reached skill level 8 in Invocations
 20617 | D:13     | Noticed Urug
 20621 | D:13     | Reached skill level 14 in Fighting
 20623 | D:13     | Killed Urug
 20623 | D:13     | Gained Okrist as an ally
 20784 | D:13     | Gained Gorbash as an ally
 21398 | D:13     | Found a runed translucent gate.
 21398 | D:13     | Noticed Gint's ghost (journeyman HOFi)
 21399 | D:13     | Found a runed translucent gate.
 21400 | D:13     | Found a runed translucent gate.
 21546 | D:13     | Reached skill level 9 in Invocations
 21610 | D:13     | Found a gate to the Vaults.
 21610 | D:13     | Noticed an ironbound preserver
 21620 | D:13     | Killed an ironbound preserver
 22406 | D:10     | Killed an orc warlord
 22516 | Orc:1    | Reached ****** piety under Beogh
 22828 | Orc:2    | Entered Level 2 of the Orcish Mines
 22828 | Orc:2    | Found a staircase to the Elven Halls.
 22867 | Orc:2    | Your ally Gorbash died
 23123 | Orc:2    | Your ally Okrist died
 23422 | Orc:2    | Found Vasmops's Weapon Shoppe.
 23428 | Orc:2    | Reached skill level 15 in Fighting
 23689 | Orc:2    | Found Siredgh's CLEARANCE SALE!.
 23803 | Orc:2    | Found Zokonep's General Store.
 23803 | Orc:2    | Found Nilelee's Distillery.
 23803 | Orc:2    | Found Utubbac's Book Shoppe.
 23806 | Orc:2    | Found Meilan's Antique Armour Shop.
 23987 | Orc:2    | Bought a potion of curing for 51 gold pieces
 23987 | Orc:2    | Bought a potion of invisibility for 136 gold pieces
 23987 | Orc:2    | Bought a potion of curing for 51 gold pieces
 23987 | Orc:2    | Bought a potion of might for 68 gold pieces
 23987 | Orc:2    | Bought a potion of curing for 51 gold pieces
 23987 | Orc:2    | Bought a potion of magic for 136 gold pieces
 24001 | Orc:2    | Bought a scroll of identify for 30 gold pieces
 24001 | Orc:2    | Bought a scroll of identify for 30 gold pieces
 24141 | Orc:1    | Reached skill level 15 in Armour
 24211 | Orc:1    | Found a runed translucent door.
 24212 | Orc:1    | Found a shimmering altar of Xom.
 24212 | Orc:1    | Noticed Qistryurr's ghost (journeyman MiFi)
 24844 | D:14     | Reached XP level 15. HP: 140/141 MP: 22/22
 25252 | D:14     | Found an iron altar of Okawaru.
 25487 | D:14     | Found Goskeytio's Weapon Shoppe.
 25515 | D:15     | Entered Level 15 of the Dungeon
 25611 | D:15     | Found a sparkling altar of Nemelex Xobeh.
 26018 | D:15     | Found a portal to a secret trove of treasure.
 26343 | D:15     | Reached skill level 16 in Fighting
 26356 | D:15     | Found a staircase to the Depths.
 27038 | Lair:5   | Reached skill level 16 in Armour
 27145 | Lair:5   | Reached skill level 10 in Invocations
 27217 | Lair:5   | Gained Orkwin as an ally
 27241 | Lair:5   | Gained Arkwar as an ally
 27691 | Lair:5   | Identified a scroll of acquirement
 28396 | Lair:5   | Upgraded the game from 0.30-a0-867-g305f33218d to
                  | 0.30-a0-870-gc5d4c5acee
 28497 | Lair:3   | Acquired 528 gold pieces
 28516 | Snake:1  | Entered Level 1 of the Snake Pit
 28589 | Snake:1  | Noticed a nagaraja
 28601 | Snake:1  | Killed a nagaraja
 28602 | Snake:1  | Reached skill level 11 in Invocations
 28610 | Snake:1  | Your ally Orkwin died
 28700 | Snake:1  | Identified a +0 kite shield of resistance (You took it off
                  | a naga warrior on level 1 of the Snake Pit)
 28966 | Snake:1  | Reached skill level 17 in Fighting
 28987 | Snake:1  | Gained Berold as an ally
 30160 | D:13     | Reached XP level 16. HP: 150/155 MP: 21/24
 30163 | D:13     | Killed Gint's ghost
 30164 | D:13     | Reached skill level 12 in Invocations
 30585 | D:9      | Reached skill level 17 in Armour
 30668 | D:8      | Found Lofustewn's Lightly-Used Armoury.
 30673 | D:8      | Bought -3 gold dragon scales for 780 gold pieces
 31189 | Snake:2  | Your ally Arkwar died
 31192 | Snake:2  | Killed Louise
 31230 | Snake:2  | Found Difrarch's Antique Armour Shop.
 31305 | Snake:2  | Found a frozen archway.
 31318 | IceCv    | Entered an ice cave
 31582 | IceCv    | Reached skill level 13 in Invocations
 31789 | IceCv    | Reached skill level 18 in Fighting
 32195 | IceCv    | Noticed an Ice Fiend
 32202 | IceCv    | Killed an Ice Fiend
 32606 | Snake:2  | Gained Argrim as an ally
 32665 | Snake:2  | Noticed a nagaraja
 32674 | Snake:2  | Killed a nagaraja
 33004 | Snake:2  | Found Ciaziw's Jewellery Boutique.
 33004 | Snake:2  | Found Mumaise's Book Emporium.
 33005 | Snake:2  | Found Qepism's Book Emporium.
 33542 | Snake:3  | Noticed Saint Roka
 33552 | Snake:3  | Gained Oruk as an ally
 33552 | Snake:3  | Your ally Argrim died
 33559 | Snake:3  | Reached skill level 18 in Armour
 33560 | Snake:3  | Killed Saint Roka
 33837 | Snake:3  | Noticed Vashnia
 33858 | Snake:3  | Killed Vashnia
 33881 | Snake:3  | Found a transporter.
 33903 | Snake:3  | Reached skill level 19 in Fighting
 34306 | Snake:3  | Noticed Mara
 34314 | Snake:3  | Noticed demibob's illusion
 34314 | Snake:3  | Killed Mara
 34315 | Snake:3  | Reached XP level 17. HP: 150/168 MP: 7/26
 34462 | Snake:3  | Found a transporter.
 34508 | Snake:3  | Noticed Kirke
 34521 | Snake:3  | Killed Kirke
 35003 | Snake:3  | Identified the ring of Huwoec {*Corrode +Blink rPois rF++
                  | Dex+3}
 35019 | Snake:3  | Identified the ring of Heesch {Fire rCorr Str+3}
 35023 | Snake:3  | Got Sif Muna's Textbook on Ghastly Coordinates
 35307 | Snake:4  | Entered Level 4 of the Snake Pit
 35311 | Snake:4  | Found Qyom's Antique Armour Emporium.
 35383 | Snake:4  | Found Diegud's Jewellery Emporium.
 35392 | Snake:4  | Bought a +5 ring of evasion for 648 gold pieces
 35897 | Snake:4  | Reached skill level 19 in Armour
 35910 | Snake:4  | Reached skill level 1 in Dodging
 35911 | Snake:4  | Found Ekis Juf's General Store.
 35911 | Snake:4  | Found Mygipeho's General Store.
 36050 | Snake:4  | Your ally Berold died
 36243 | Snake:4  | Reached skill level 2 in Dodging
 36281 | Snake:4  | Reached skill level 20 in Fighting
 36298 | Snake:4  | Your ally Oruk died
 36642 | Snake:4  | Reached skill level 3 in Dodging
 37053 | Snake:4  | Bought a condenser vane for 440 gold pieces
 37195 | Snake:4  | Got a serpentine rune of Zot
 37632 | Vaults:1 | Entered Level 1 of the Vaults
 37865 | Vaults:1 | Found Cecvat's Jewellery Shoppe.
 37979 | Vaults:1 | Reached skill level 4 in Evocations
 38228 | Vaults:1 | Reached XP level 18. HP: 180/180 MP: 27/27
 38388 | Vaults:1 | Reached skill level 5 in Evocations
 38398 | Vaults:1 | Reached skill level 20 in Armour
 38798 | Vaults:1 | Reached skill level 21 in Fighting
 38879 | Vaults:1 | Reached skill level 6 in Evocations
 39938 | Vaults:2 | Reached skill level 7 in Evocations
 40207 | Vaults:2 | Found Ofouthrua's General Store.
 40298 | Vaults:2 | Found Imuudebb's Book Shoppe.
 40399 | Vaults:2 | Found a staircase to the Crypt.
 40399 | Vaults:2 | Found an ancient bone altar of Kikubaaqudgha.
 40399 | Vaults:2 | Found a basalt altar of Yredelemnul.
 40449 | Vaults:2 | Noticed Sojobo
 40471 | Vaults:2 | Paralysed by an air elemental for 1 turns
 40476 | Vaults:2 | HP: 16/162 [air elemental/stunning burst[Sojobo] (3)]
 40476 | Vaults:2 | Killed Sojobo
 40477 | Vaults:2 | Reached skill level 8 in Evocations
 40902 | Vaults:2 | Gained Dorog as an ally
 40962 | Vaults:2 | Your ally Dorog died
 40968 | Vaults:2 | Gained Murdo as an ally
 41327 | Vaults:2 | Found Cieb's General Store.
 41337 | Vaults:2 | Bought a scroll of enchant weapon for 157 gold pieces
 41337 | Vaults:2 | Bought a potion of haste for 210 gold pieces
 41396 | Vaults:2 | Reached skill level 21 in Armour
 41400 | Vaults:2 | Reached XP level 19. HP: 138/191 MP: 13/28
 41543 | Vaults:2 | Found Duogoire's Antique Weapon Shop.
 41645 | Vaults:2 | Found Macwisk's Weapon Shoppe.
 41818 | Vaults:3 | Reached skill level 22 in Fighting
 41894 | Vaults:3 | Your ally Murdo died
 41901 | Vaults:3 | You are cast into the Abyss!
 41901 | Abyss:2  | Cast into level 2 of the Abyss (a wizard)
 41955 | Abyss:2  | Found a corrupted altar of Lugonu.
 41985 | Abyss:2  | Noticed a tentacled monstrosity
 41998 | Abyss:2  | Killed a tentacled monstrosity
 41999 | Abyss:2  | Reached skill level 9 in Evocations
 42166 | Vaults:3 | You pass through the gate.
 42166 | Vaults:3 | Escaped the Abyss
 42574 | Vaults:3 | Acquired the +12 battleaxe of the Endless March {elec,
                  | Dex+3}
 42613 | Vaults:3 | Reached skill level 4 in Dodging
 43563 | Vaults:3 | Gained Olfrun as an ally
 43564 | Vaults:3 | Reached skill level 5 in Dodging
 44033 | Vaults:4 | Your ally Olfrun died
 44226 | Vaults:4 | Paralysed by a great orb of eyes for 5 turns
 44262 | Vaults:4 | Reached skill level 23 in Fighting
 44418 | Vaults:4 | Reached skill level 22 in Armour
 44418 | Vaults:4 | Gained Milork as an ally
 44524 | Vaults:4 | Reached XP level 20. HP: 184/200 MP: 26/29
 44667 | Vaults:4 | Reached skill level 6 in Dodging
 45799 | Vaults:4 | You are cast into the Abyss!
 45799 | Abyss:2  | Cast into level 2 of the Abyss (a wizard)
 45879 | Abyss:2  | Reached skill level 7 in Dodging
 45919 | Abyss:2  | Found a corrupted altar of Lugonu.
 45919 | Abyss:2  | Found a corrupted altar of Lugonu.
 45919 | Abyss:2  | Found a corrupted altar of Lugonu.
 45936 | Abyss:2  | Gained Zorug as an ally
 46053 | Abyss:2  | Noticed a bone dragon
 46068 | Abyss:2  | Killed a bone dragon
 46174 | Abyss:2  | Your ally Zorug died
 46203 | Vaults:4 | You pass through the gate.
 46203 | Vaults:4 | Escaped the Abyss
 46794 | Shoals:1 | Entered Level 1 of the Shoals
 46809 | Shoals:1 | Found Aheatzin's Weapon Shoppe.
 47802 | Shoals:2 | Reached skill level 24 in Fighting
 47974 | Shoals:2 | Reached skill level 8 in Dodging
 48264 | Shoals:2 | Found Toysuc's Jewellery Emporium.
 48440 | Shoals:2 | Reached skill level 23 in Armour
 49083 | Shoals:3 | Reached XP level 21. HP: 192/214 MP: 27/30
 50147 | Shoals:4 | Entered Level 4 of the Shoals
 50173 | Shoals:4 | Reached skill level 9 in Dodging
 50174 | Shoals:4 | Found Labaehesoi's Weapon Boutique.
 50276 | Shoals:4 | Upgraded the game from 0.30-a0-870-gc5d4c5acee to
                  | 0.30-a0-879-ga8ba668304
 50609 | Shoals:4 | Got a barnacled rune of Zot
 50638 | Shoals:4 | Found Mollum's Jewellery Shoppe.
 50889 | Shoals:4 | Identified the +0 war axe of Uncertain Death {distort,
                  | rPois Dex+3}
 51258 | Shoals:4 | Identified the ring of Goxtixuw {Will+ rCorr MP+9 Str-5}
 51334 | Shoals:4 | Gained Wardok as an ally
 51794 | Elf:1    | Entered Level 1 of the Elven Halls
 51857 | Elf:1    | Found a radiant altar of Vehumet.
 52133 | Elf:1    | Reached skill level 25 in Fighting
 52304 | Elf:1    | Reached skill level 10 in Dodging
 52317 | Elf:1    | HP: 7/201 [Tzitzimitl/bolt of negative energy[a deep elf
                  | demonologist] (33)]
 52923 | Elf:1    | Found Sauwammi's Antique Armour Boutique.
 53103 | Elf:1    | Found a runed translucent gate.
 53103 | Elf:1    | Found a runed translucent gate.
 53103 | Elf:1    | Found a runed translucent gate.
 53103 | Elf:1    | Found a runed translucent gate.
 53103 | Elf:1    | Found a runed translucent gate.
 53105 | Elf:1    | Found a runed translucent gate.
 53614 | Elf:1    | Reached skill level 24 in Armour
 53748 | Elf:1    | Paralysed by an air elemental for 1 turns
 53828 | Elf:2    | Found Jasosk's Book Shoppe.
 53967 | Elf:2    | Gained Geork as an ally
 54126 | Elf:2    | Found Goskeytio's Distillery.
 54145 | Elf:2    | Bought a potion of heal wounds for 95 gold pieces
 54145 | Elf:2    | Bought a potion of haste for 190 gold pieces
 54439 | D:15     | You paid a toll of 3 potions of resistance to enter a
                  | treasure trove
 54440 | Trove    | Entered a treasure trove
 54827 | Elf:2    | Found a runed translucent gate.
 54827 | Elf:2    | Found a runed translucent gate.
 54865 | Elf:2    | Found a runed translucent gate.
 54872 | Elf:2    | Reached XP level 22. HP: 215/216 MP: 31/31
 54945 | Elf:2    | Found Fazualaz's Book Shoppe.
 55168 | Elf:2    | Reached skill level 20 in Axes
 55217 | Elf:2    | Gained Berold as an ally
 55326 | Elf:2    | Found Maot's Armour Shop.
 55365 | Elf:2    | Found Nurimn's Assorted Antiques.
 55576 | Elf:2    | Reached skill level 11 in Dodging
 55677 | Elf:2    | Your ally Geork died
 55680 | Elf:2    | Your ally Wardok died
 55775 | Elf:2    | Your ally Berold died
 56093 | Elf:3    | Entered Level 3 of the Elven Halls
 56216 | Elf:3    | Found a runed translucent door.
 56219 | Elf:3    | Found a corrupted altar of Lugonu.
 57285 | Elf:3    | Reached skill level 21 in Axes
 57319 | Elf:3    | Identified the +8 falchion of Midsummer {venom, rF++ rC+
                  | MP+9}
 57374 | Elf:3    | Reached skill level 12 in Dodging
 57720 | Elf:3    | Identified the +0 scale mail of Dishonour {rCorr Dex+4}
 58067 | Elf:3    | Got Vehumet's Incunable of the Missiles
 58068 | Elf:3    | Identified the +4 whip "Xerreo" {antimagic, rF- Int+8 SInv
                  | Stlth-}
 58073 | Elf:3    | Got the Almanac of the Pyre and the Valley
 58200 | Elf:3    | Identified the +9 dagger of Satyriasis {spect, rN+ Dex+2
                  | Stlth+}
 58395 | Elf:3    | Acquired a +1 antimagic executioner's axe
 58733 | Vaults:5 | Entered Level 5 of the Vaults
 58733 | Vaults:5 | Noticed Bai Suzhen
 58741 | Vaults:4 | Gained Orkrul as an ally
 58747 | Vaults:5 | Your ally Orkrul died
 58856 | Vaults:4 | Reached skill level 22 in Axes
 58868 | Vaults:4 | Killed Bai Suzhen
 59245 | Vaults:5 | Reached XP level 23. HP: 192/234 MP: 9/32
 59268 | Vaults:5 | Reached skill level 23 in Axes
 59676 | Vaults:5 | Noticed a golden dragon
 59701 | Vaults:5 | Killed a golden dragon
 59708 | Vaults:5 | HP: 20/226 [deep elf high priest/divine providence (16)]
 59718 | Vaults:5 | HP: 22/226 [yaktaur captain/bolt (13)]
 59719 | Vaults:5 | >>hrm
 59721 | Vaults:5 | Killed from afar by a deep elf high priest

Vanquished Creatures
  Mara (Snake:3)
  Sojobo (Vaults:2)
  Saint Roka (Snake:3)
  Bai Suzhen (Vaults:4)
  A golden dragon (Vaults:5)
  A bone dragon (Abyss:2)
  A tentacled monstrosity (Abyss:2)
  An Ice Fiend (IceCv)
  A deep elf blademaster (Elf:3)
  2 liches (Abyss:2)
  Gastronok (Lair:1)
  3 deep elf master archers (Elf:3)
  2 titans (Vaults:5)
  3 tentacled starspawn (Abyss:2)
  3 krakens
  Kirke (Snake:3)
  2 shadow dragons (Vaults:5)
  2 tengu reavers
  10 deep elf sorcerers
  8 nagarajas
  13 vault wardens
  2 fire giants
  A frost giant (Vaults:5)
  6 deep elf elementalists (Elf:3)
  2 orc warlords
  A caustic shrike zombie (D:15)
  17 ironbound preservers
  A very ugly thing (Abyss:2)
  5 ironbound thunderhulks
  3 stone giants (Vaults:5)
  8 deep elf demonologists
  6 deep elf annihilators
  20 dire elephants
  4 ettins
  7 deep elf death magi (Elf:3)
  A crystal guardian (Vaults:1)
  9 merfolk impalers
  8 deep elf high priests
  8 great orbs of eyes
  An entropy weaver (Vaults:4)
  4 merfolk javelineers
  33 vault guards
  2 hydras
  2 peacekeepers
  11 yaktaur captains
  Fannar (Lair:1)
  2 merfolk avatars (Shoals:4)
  3 alligator snapping turtles
  6 ironbound frosthearts
  2 caustic shrike simulacra (IceCv)
  7 merfolk aquamancers
  3 satyrs
  6 anacondas
  8 centaur warriors
  2 boulder beetles
  34 dancing weapons
  4 two-headed ogres
  9 naga warriors
  7 death yaks
  Urug (D:13)
  4 thrashing horrors (Abyss:2)
  10 naga sharpshooters
  2 shock serpents (Snake:4)
  4 skysharks
  A wretched star (Abyss:2)
  A fire crab (shapeshifter) (D:13)
  10 deep elf knights
  4 skeletal warriors
  3 salamander mystics
  A sea snake (shapeshifter) (Vaults:5)
  2 sixfirhies (Abyss:2)
  A deep troll (shapeshifter) (D:13)
  46 deep trolls
  A spatial maelstrom (Abyss:2)
  13 sea snakes
  3 naga ritualists
  A spriggan simulacrum (IceCv)
  7 wizards
  3 phantasmal warriors
  2 obsidian statues (IceCv)
  2 bog bodies (IceCv)
  18 deep elf archers
  13 lindwurms
  22 harpies
  15 deep elf pyromancers
  Pikel (D:7)
  11 ironbound convokers
  5 mana vipers
  2 necromancers
  3 orc sorcerers
  18 ugly things
  2 wolf spiders
  An oklob plant (D:10)
  A worldbinder (Abyss:2)
  2 orc knights (Vaults:2)
  5 salamanders
  21 deep elf zephyrmancers
  10 cyclopes
  11 manticores
  21 fauns
  18 black mambas
  4 elephants (Lair:4)
  10 merfolk sirens
  4 guardian serpents
  12 cane toads
  2 human skeletons (Vaults:3)
  5 water nymphs
  Maggie (D:6)
  12 naga magi
  19 vault sentinels
  2 cane toads (shapeshifter)
  A gargoyle (D:12)
  An unseen horror (D:13)
  An unseen horror (shapeshifter) (D:13)
  An efreet (D:15)
  37 yaktaurs
  3 golden dragon simulacra (IceCv)
  8 komodo dragons
  A freezing wraith (IceCv)
  2 kobold demonologists (D:13)
  A tormentor (Abyss:2)
  A rime drake (Lair:3)
  An anaconda simulacrum (IceCv)
  7 polar bears
  An ancient zyme (Abyss:2)
  3 guardian mummies (D:15)
  3 hornets
  8 trolls
  28 merfolk
  6 wind drakes
  A wind drake (shapeshifter) (Vaults:5)
  A hellwing (Abyss:2)
  10 snapping turtles
  A raiju (shapeshifter) (Elf:1)
  24 dream sheep
  13 blink frogs
  21 slime creatures
  22 water elementals
  2 air elementals
  An elf simulacrum (Vaults:3)
  7 spriggans (Lair:5)
  56 yaks
  A shadow (D:11)
  4 ynoxinuls (Abyss:2)
  7 fire elementals
  3 fire bats (Abyss:2)
  A wraith (D:14)
  3 basilisks
  6 starcursed masses (Abyss:2)
  3 vampires
  A large abomination (Abyss:2)
  2 wyverns (Lair:3)
  A neqoxec (Abyss:2)
  A basilisk (shapeshifter) (D:13)
  3 hogs (Snake:3)
  A redback (Vaults:4)
  2 steam dragons
  A harpy simulacrum (IceCv)
  2 chaos spawn (Abyss:2)
  6 vampire mosquitoes
  2 minotaur simulacra (IceCv)
  4 wargs
  2 acid dragons
  20 nagas
  A swamp worm (D:11)
  16 water moccasins
  2 hydra simulacra (IceCv)
  4 hell hounds (Abyss:2)
  14 orc warriors
  A sky beast (D:8)
  2 ice beasts
  2 black bears
  4 ettin simulacra (IceCv)
  8 boggarts
  4 ogres
  26 wolves
  13 centaurs
  2 phantoms
  7 kobold brigands
  Blork the orc (D:6)
  A gnoll sergeant (D:11)
  2 earth elementals
  13 bullfrogs
  A deep troll simulacrum (IceCv)
  A scorpion (D:4)
  A water moccasin zombie (D:5)
  10 wights
  27 killer bees (D:9)
  An electric eel (Lair:3)
  2 howler monkeys
  3 crimson imps (Abyss:2)
  A bullfrog zombie (D:5)
  2 quasits (Abyss:2)
  A sleepcap (D:5)
  4 orc priests
  5 hounds
  6 jellies
  4 iguanas
  18 orc wizards
  9 small abominations (Abyss:2)
  3 gnolls (D:11)
  12 adders
  5 river rats (Sewer)
  7 white imps
  An ufetubus (Abyss:2)
  A dart slug (D:3)
  40 orcs
  6 endoplasms
  5 giant cockroaches
  7 goblins
  8 hobgoblins
  4 jackals
  7 quokkas
  9 ball pythons
  7 bats
  8 frilled lizards
  20 kobolds
  6 rats
  A spectral goblin (D:1)
  A spectral orc (D:6)
  2 starspawn tentacles (Abyss:2)
  3 tentacles (Shoals:1)
1439 creatures vanquished.

Vanquished Creatures (collateral kills)
  Vashnia (Snake:3)
  A sphinx (Vaults:4)
  A tengu reaver (Vaults:2)
  A nagaraja (Snake:1)
  Louise (Snake:2)
  An ironbound preserver (D:13)
  An ironbound thunderhulk (Vaults:4)
  The ghost of Gint the Severer, a journeyman HOFi of Uskayaw (D:13)
  A great orb of eyes (Abyss:2)
  A salamander tyrant (Snake:3)
  2 hydras
  2 anacondas (Snake:1)
  A vault guard (Vaults:4)
  A boulder beetle (Lair:5)
  An ironbound frostheart (Vaults:3)
  5 dancing weapons (Elf:2)
  3 two-headed ogres
  3 death yaks (Lair:5)
  5 shock serpents
  9 naga warriors
  A skyshark (Lair:5)
  A titan zombie (D:15)
  15 naga sharpshooters
  A titan skeleton (D:15)
  A wretched star (Abyss:2)
  4 deep elf knights (Elf:2)
  3 salamander mystics
  A skeletal warrior (D:15)
  A deep troll (Vaults:4)
  A bog body (IceCv)
  2 naga ritualists
  4 orc knights
  3 deep elf zephyrmancers
  An ugly thing (Vaults:4)
  5 deep elf pyromancers
  A manticore (D:13)
  3 mana vipers (Snake:1)
  A wizard (Vaults:3)
  An orc sorcerer (Orc:1)
  9 salamanders
  A vault sentinel (Vaults:4)
  10 black mambas
  A guardian serpent (Snake:2)
  10 naga magi
  A cane toad (Lair:5)
  A komodo dragon (Lair:5)
  A kobold demonologist (D:13)
  A queen bee (D:9)
  5 yaktaurs
  A merfolk (Shoals:1)
  A spriggan skeleton (D:15)
  A meliai (D:13)
  2 hornets (Lair:5)
  A polar bear (Lair:5)
  5 blink frogs
  A dream sheep (Lair:5)
  6 yaks
  6 spriggans (Lair:5)
  3 starcursed masses (Abyss:2)
  4 hogs (Snake:3)
  2 vampire mosquitoes (D:13)
  2 wargs
  26 nagas
  A water moccasin (Lair:5)
  A hydra simulacrum (IceCv)
  10 orc warriors
  A black bear (Lair:4)
  7 wolves (Lair:5)
  3 centaurs (Orc:2)
  An ogre (Snake:3)
  A boggart (Lair:5)
  5 kobold brigands
  4 killer bees (D:9)
  2 electric eels
  3 orc priests
  3 orc wizards
  6 orcs
  A lurking horror (Abyss:2)
  A plant (Lair:5)
243 creatures vanquished.

Vanquished Creatures (others)
  3 orc warlords
  A salamander tyrant (Snake:2)
  16 orc knights
  A deep elf zephyrmancer (Elf:2)
  4 orc sorcerers
  20 orc warriors
  17 orc priests
  A troll (D:9)
  A naga (Snake:3)
  A boggart (D:15)
  12 orc wizards
  A bullfrog (D:8)
  45 orcs
  A bush (Lair:1)
  29 fungi
  130 plants
  8 starspawn tentacles (Abyss:2)
  5 tentacles
  3 withered plants (D:15)
299 creatures vanquished.

Grand Total: 1981 creatures vanquished

Table legend: (Time is in decaauts)
 A = Elapsed time spent in this place.
 B = Non-inter-level travel time spent in this place.
 C = Inter-level travel time spent in this place.
 D = Time resting spent in this place.
 E = Time spent auto-exploring this place.
 F = Levels seen in this place.
 G = Mean time per level.
                   A        B        C        D        E       F      G
               +--------+--------+--------+--------+--------+-----+--------+
         Total |  58973 |  54850 |   4123 |  11002 |  34522 |  44 | 1340.3 |
       Dungeon |  20110 |  18085 |   2025 |   3270 |  12026 |  15 | 1340.7 |
        Temple |    128 |    109 |     19 |      0 |    105 |   1 |  128.0 |
          Lair |   7314 |   6527 |    787 |   1441 |   3890 |   5 | 1462.8 |
        Shoals |   4732 |   4573 |    159 |    249 |   3498 |   4 | 1183.0 |
     Snake Pit |   6957 |   6657 |    300 |   1632 |   3967 |   4 | 1739.2 |
  Orcish Mines |   1980 |   1799 |    181 |    576 |    967 |   2 |  990.0 |
   Elven Halls |   5981 |   5682 |    299 |    896 |   3867 |   3 | 1993.7 |
        Vaults |   9159 |   8809 |    350 |   2428 |   4982 |   5 | 1831.8 |
         Abyss |    614 |    614 |      0 |     62 |    125 |   2 |  307.0 |
         Trove |    100 |    100 |      0 |      0 |     62 |   1 |  100.0 |
         Sewer |    865 |    865 |      0 |     96 |    534 |   1 |  865.0 |
      Ice Cave |   1028 |   1028 |      0 |    351 |    499 |   1 | 1028.0 |
               +--------+--------+--------+--------+--------+-----+--------+

Top non-repeatable levels by time:
Vaults:1: 2660 daAuts
Vaults:4: 2456 daAuts
   Elf:3: 2247 daAuts
     D:9: 2166 daAuts
    D:13: 2121 daAuts
   Elf:1: 2112 daAuts
    D:10: 2074 daAuts
 Snake:3: 2058 daAuts
Vaults:3: 2028 daAuts
 Snake:4: 1798 daAuts
  Lair:5: 1749 daAuts
    D:12: 1673 daAuts
   Elf:2: 1621 daAuts
 Snake:2: 1618 daAuts
     D:6: 1616 daAuts

Table legend:
 A = Non-vault XP
 B = Vault XP
 C = Vault XP percentage of total XP
 D = Non-vault monster count
 E = Vault monster count
 F = Vault count percentage of total count
                 A         B        C        D         E       F
            +---------+---------+-------+---------+---------+-------
      Total |  389087 |  340267 |  46.7 |    1054 |     623 |  37.1
            +---------+---------+-------+---------+---------+-------
        D:1 |      35 |       1 |   2.8 |      21 |       1 |   4.5
        D:2 |      78 |      61 |  43.9 |      18 |       7 |  28.0
        D:3 |      50 |       4 |   7.4 |      18 |       2 |  10.0
        D:4 |     328 |       3 |   0.9 |      14 |       1 |   6.7
        D:5 |     543 |     201 |  27.0 |      10 |       4 |  28.6
        D:6 |    1285 |     532 |  29.3 |      32 |       4 |  11.1
        D:7 |    1227 |     617 |  33.5 |      26 |       1 |   3.7
        D:8 |     887 |       0 |   0.0 |      13 |       0 |   0.0
        D:9 |    4313 |    2452 |  36.2 |      37 |      29 |  43.9
       D:10 |    4063 |    2158 |  34.7 |      25 |       8 |  24.2
       D:11 |    3091 |     160 |   4.9 |      13 |       1 |   7.1
       D:12 |    4211 |       0 |   0.0 |      10 |       0 |   0.0
       D:13 |    6875 |    7235 |  51.3 |      18 |      22 |  55.0
       D:14 |    6832 |       0 |   0.0 |      15 |       0 |   0.0
       D:15 |    3573 |    4325 |  54.8 |      11 |      10 |  47.6
     Lair:1 |    5686 |    2816 |  33.1 |      18 |       3 |  14.3
     Lair:2 |    4262 |    2703 |  38.8 |      27 |      11 |  28.9
     Lair:3 |    6224 |     958 |  13.3 |      31 |       2 |   6.1
     Lair:4 |    8621 |    4445 |  34.0 |      33 |      10 |  23.3
     Lair:5 |    6685 |   11049 |  62.3 |      28 |      50 |  64.1
   Shoals:1 |   15950 |       0 |   0.0 |      28 |       0 |   0.0
   Shoals:2 |   18068 |       0 |   0.0 |      38 |       0 |   0.0
   Shoals:3 |   26248 |     349 |   1.3 |      53 |       1 |   1.9
   Shoals:4 |   23015 |   16973 |  42.4 |      49 |      29 |  37.2
    Snake:1 |   14808 |       0 |   0.0 |      37 |       0 |   0.0
    Snake:2 |   19808 |     600 |   2.9 |      51 |       1 |   1.9
    Snake:3 |   11518 |   17950 |  60.9 |      32 |      32 |  50.0
    Snake:4 |    8845 |   24030 |  73.1 |      22 |      38 |  63.3
      Orc:1 |    2292 |       0 |   0.0 |      13 |       0 |   0.0
      Orc:2 |    2361 |    3312 |  58.4 |      16 |      25 |  61.0
      Elf:1 |   19460 |   13328 |  40.6 |      33 |      23 |  41.1
      Elf:2 |   18770 |   19494 |  50.9 |      29 |      31 |  51.7
      Elf:3 |   12076 |   41305 |  77.4 |      19 |      37 |  66.1
   Vaults:1 |   21410 |   27365 |  56.1 |      37 |      32 |  46.4
   Vaults:2 |   22483 |   22391 |  49.9 |      34 |      29 |  46.0
   Vaults:3 |   20389 |   28202 |  58.0 |      34 |      40 |  54.1
   Vaults:4 |   31478 |   49782 |  61.3 |      48 |      62 |  56.4
   Vaults:5 |    2050 |   24534 |  92.3 |       3 |      21 |  87.5
    Abyss:2 |   29189 |     188 |   0.6 |      60 |       7 |  10.4
      Sewer |       0 |     307 | 100.0 |       0 |      24 | 100.0
      IceCv |       0 |   10437 | 100.0 |       0 |      25 | 100.0
            +---------+---------+-------+---------+---------+-------
